PIO (24 & UNDER)
CHULA VISTA TACOS @ COLORADO COMMANDERS
05/30/2030
 
TOP OF THE 1ST
Chula Vista Tacos batting - Pitching for Colorado Commanders : RHP Juan Ochoa
Pitching: RHP Juan Ochoa
Batting: RHB Kevin Wilson 0-0: SINGLE (Line Drive, 8LS)
Batting: RHB Juan García 0-0: Swinging Strike
0-1: Foul Ball, location: 2F
0-2: Ball
1-2: Ball
2-2: Strikes out swinging
Batting: RHB Juan Vélez 0-0: Ball
1-0: Called Strike
1-1: Called Strike
1-2: Foul Ball, location: 2F
1-2: Ball
2-2: Ball
3-2: Base on Balls
Kevin Wilson to second
Batting: LHB Jean Beauchemin 0-0: Ball
1-0: Called Strike
1-1: Called Strike
1-2: Strikes out swinging
Batting: RHB Guillermo Deleón 0-0: Called Strike
0-1: Ball
1-1: SINGLE (Groundball, 34D)
Kevin Wilson to third
Juan Vélez to second
Runner from 3rd tries for Home, SAFE, no throw
Batting: RHB Gonzalo García 0-0: Fielders Choice at 2nd, 6-4 (Groundball, 6)
Top of the 1st over - 1 run, 2 hits, 0 errors, 2 left on base; Chula Vista 1 - Colorado 0
BOTTOM OF THE 1ST
Colorado Commanders batting - Pitching for Chula Vista Tacos : RHP Rick McKnight
Pitching: RHP Rick McKnight
Batting: LHB Abraham Horton 0-0: Ground out 6-3 (Groundball, 6)
Batting: RHB Lawrence Ware 0-0: Ball
1-0: Ground out 4-3 (Groundball, 4)
Batting: LHB Arthur Guzmán 0-0: Called Strike
0-1: Ball
1-1: Fly out, F5 (Popup, 5S)
Bottom of the 1st over - 0 runs, 0 hits, 0 errors, 0 left on base; Chula Vista 1 - Colorado 0
TOP OF THE 2ND
Chula Vista Tacos batting - Pitching for Colorado Commanders : RHP Juan Ochoa
Batting: RHB Germán Ontiveros 0-0: Ball
1-0: Ground out 5-3 (Groundball, 2L)
Batting: RHB Miguel Murillo 0-0: Swinging Strike
0-1: Ball
1-1: Fly out, F8 (Flyball, 8LM)
Batting: RHB Nelson Wright 0-0: Called Strike
0-1: Swinging Strike
0-2: Strikes out swinging
Top of the 2nd over - 0 runs, 0 hits, 0 errors, 0 left on base; Chula Vista 1 - Colorado 0
BOTTOM OF THE 2ND
Colorado Commanders batting - Pitching for Chula Vista Tacos : RHP Rick McKnight
Batting: LHB Francisco Ríos 0-0: Ball
1-0: Called Strike
1-1: Swinging Strike
1-2: Foul Ball, location: 2F
1-2: Ball
2-2: Foul Ball, location: 2F
2-2: Foul Ball, location: 2F
2-2: Ball
3-2: Foul Ball, location: 2F
3-2: Base on Balls
Batting: RHB Henry Cahill 0-0: Ball
1-0: Foul Ball, location: 2F
1-1: SINGLE (Groundball, 6D)
Francisco Ríos to second
Batting: SHB Miguel Price 0-0: Ball
1-0: Ball
2-0: Called Strike
2-1: Ball
3-1: SINGLE (Line Drive, 7LS)
Francisco Ríos to third
Henry Cahill to second
Runner from 3rd tries for Home, SAFE, no throw
Batting: RHB William Dyer 0-0: Called Strike
0-1: Ball
1-1: Ball
2-1: Ball
3-1: Base on Balls
Henry Cahill to third
Miguel Price to second
Batting: RHB Carlos Jiménez 0-0: Called Strike
0-1: Foul Ball, location: 2F
0-2: DOUBLE (Flyball, 89D)
Henry Cahill scores
Miguel Price scores
William Dyer to third
Batting: RHB Alfonso Flores 0-0: Swinging Strike
0-1: Ball
1-1: Ground out U3 (Groundball, 34S)
William Dyer scores
Carlos Jiménez to third
Batting: LHB Abraham Horton 0-0: Ball
1-0: DOUBLE (Line Drive, 7LS)
Carlos Jiménez scores
Batting: RHB Lawrence Ware 0-0: Called Strike
0-1: Foul Ball, location: 2F
0-2: DOUBLE (Line Drive, 7LM)
Abraham Horton scores
Batting: LHB Arthur Guzmán 0-0: Called Strike
0-1: Ball
1-1: Ground out U3 (Groundball, 3)
Lawrence Ware to third
Batting: LHB Francisco Ríos 0-0: Called Strike
0-1: Swinging Strike
0-2: Ball
1-2: Strikes out swinging
Bottom of the 2nd over - 6 runs, 5 hits, 0 errors, 1 left on base; Chula Vista 1 - Colorado 6
TOP OF THE 3RD
Chula Vista Tacos batting - Pitching for Colorado Commanders : RHP Juan Ochoa
Batting: RHB Kevin Wilson 0-0: Ball
1-0: Foul Ball, location: 2F
1-1: Fly out, F9 (Flyball, 9)
Batting: RHB Juan García 0-0: Ball
1-0: Ball
2-0: Ball
3-0: Base on Balls
Batting: RHB Juan Vélez 0-0: Fielders Choice at 2nd, 6-4 (Groundball, 6)
Batting: LHB Jean Beauchemin 0-0: Ball
1-0: Called Strike
1-1: Called Strike
1-2: SINGLE (Groundball, 4MD)
Juan Vélez to second
Runner from 2nd tries for 3rd, OUT!
Top of the 3rd over - 0 runs, 1 hit, 0 errors, 1 left on base; Chula Vista 1 - Colorado 6
BOTTOM OF THE 3RD
Colorado Commanders batting - Pitching for Chula Vista Tacos : RHP Rick McKnight
Batting: RHB Henry Cahill 0-0: Ball
1-0: Called Strike
1-1: Ball
2-1: Foul Ball, location: 2F
2-2: Foul Ball, location: 2F
2-2: Ground out 6-3 (Groundball, 6MS)
Batting: SHB Miguel Price 0-0: Ball
1-0: Ball
2-0: DOUBLE (Line Drive, 8RXD)
Pitching: RHP Brock Corless
Batting: RHB William Dyer 0-0: Ball
Miguel Price is caught stealing 3rd base
1-0: Called Strike
1-1: Ground out 5-3 (Groundball, 56)
Bottom of the 3rd over - 0 runs, 1 hit, 0 errors, 0 left on base; Chula Vista 1 - Colorado 6
TOP OF THE 4TH
Chula Vista Tacos batting - Pitching for Colorado Commanders : RHP Juan Ochoa
Batting: RHB Guillermo Deleón 0-0: Ball
1-0: Ball
2-0: Ground out 4-3 (Groundball, 4M)
Batting: RHB Gonzalo García 0-0: Ball
1-0: Called Strike
1-1: Ball
2-1: Ball
3-1: Foul Ball, location: 2F
3-2: DOUBLE (Line Drive, 7)
Batting: RHB Germán Ontiveros 0-0: Ball
1-0: Ground out 5-3 (Groundball, 56)
Batting: RHB Miguel Murillo 0-0: Ball
1-0: Ball
2-0: Swinging Strike
2-1: Ball
3-1: Base on Balls
Batting: RHB Nelson Wright 0-0: Ball
1-0: Ball
2-0: Ball
3-0: Called Strike
3-1: Foul Ball, location: 2F
3-2: Fly out, F7 (Flyball, 7D)
Top of the 4th over - 0 runs, 1 hit, 0 errors, 2 left on base; Chula Vista 1 - Colorado 6
BOTTOM OF THE 4TH
Colorado Commanders batting - Pitching for Chula Vista Tacos : RHP Brock Corless
Batting: RHB Carlos Jiménez 0-0: Called Strike
0-1: Called Strike
0-2: Ball
1-2: Strikes out swinging
Batting: RHB Alfonso Flores 0-0: Ball
1-0: Ground out 3-1 (Groundball, 34)
Batting: LHB Abraham Horton 0-0: Ball
1-0: Ball
2-0: Reaches on Catchers interference
Batting: RHB Lawrence Ware 0-0: Ball
1-0: Called Strike
1-1: Ball
2-1: Ball
3-1: Base on Balls
Abraham Horton to second
Batting: LHB Arthur Guzmán 0-0: Called Strike
0-1: Ball
1-1: Ball
2-1: Swinging Strike
2-2: Ball
3-2: Base on Balls
Abraham Horton to third
Lawrence Ware to second
Batting: LHB Francisco Ríos 0-0: GRAND SLAM HOME RUN (Flyball, 7D), Distance : 356 ft
Batting: RHB Henry Cahill 0-0: Ball
1-0: Ball
2-0: Ball
3-0: Base on Balls
Batting: SHB Miguel Price 0-0: Ball
1-0: Called Strike
1-1: Ground out 4-3 (Groundball, 4)
Bottom of the 4th over - 4 runs, 1 hit, 1 error, 1 left on base; Chula Vista 1 - Colorado 10
TOP OF THE 5TH
Chula Vista Tacos batting - Pitching for Colorado Commanders : RHP Juan Ochoa
Batting: RHB Kevin Wilson 0-0: Swinging Strike
0-1: Ball
1-1: Ball
2-1: Ball
3-1: Base on Balls
Batting: RHB Juan García 0-0: Fly out, F6 (Line Drive, 6)
Batting: RHB Juan Vélez 0-0: Fly out, F9 (Flyball, 9S)
Batting: LHB Jean Beauchemin 0-0: SINGLE (Groundball, 6MD)
Kevin Wilson to second
Runner from 2nd tries for 3rd, OUT!
Top of the 5th over - 0 runs, 1 hit, 0 errors, 1 left on base; Chula Vista 1 - Colorado 10
BOTTOM OF THE 5TH
Colorado Commanders batting - Pitching for Chula Vista Tacos : RHP Brock Corless
Batting: RHB William Dyer 0-0: Swinging Strike
0-1: Swinging Strike
0-2: Strikes out looking
Batting: RHB Carlos Jiménez 0-0: Ball
1-0: Called Strike
1-1: Called Strike
1-2: Ball
2-2: Foul Ball, location: 2F
2-2: Ground out U3 (Groundball, 3S)
Batting: RHB Alfonso Flores 0-0: Called Strike
0-1: Ball
1-1: Ball
2-1: Ball
3-1: Foul Ball, location: 2F
3-2: Base on Balls
Batting: LHB Abraham Horton 0-0: Ball
1-0: Called Strike
1-1: Ball
2-1: Swinging Strike
2-2: Strikes out swinging
Bottom of the 5th over - 0 runs, 0 hits, 0 errors, 1 left on base; Chula Vista 1 - Colorado 10
TOP OF THE 6TH
Chula Vista Tacos batting - Pitching for Colorado Commanders : RHP Juan Ochoa
Batting: RHB Guillermo Deleón 0-0: Called Strike
0-1: Ball
1-1: Foul Ball, location: 2F
1-2: Hit by Pitch
Batting: RHB Gonzalo García 0-0: Called Strike
0-1: Ball
1-1: Ball
2-1: Ball
3-1: Base on Balls
Guillermo Deleón to second
Batting: RHB Germán Ontiveros 0-0: Ball
1-0: Called Strike
1-1: Fly out, F5 (Popup, 5S)
Batting: RHB Miguel Murillo 0-0: Called Strike
0-1: Foul Ball, location: 2F
0-2: Foul Ball, location: 2F
0-2: Ball
1-2: Ball
2-2: DOUBLE (Flyball, 78D)
Guillermo Deleón scores
Gonzalo García to third
Batting: RHB Nelson Wright 0-0: SINGLE (Flyball, 78S)
Gonzalo García scores
Miguel Murillo to third
Runner from 3rd tries for Home, throw and OUT!
Nelson Wright to second
Batting: RHB Kevin Wilson 0-0: Called Strike
0-1: Ball
1-1: SINGLE (Line Drive, 4MD)
Nelson Wright to third
Runner from 3rd tries for Home, SAFE, no throw
Pitching: LHP Bezzi Kisito
Batting: RHB Juan García 0-0: Ball
1-0: Ball
2-0: Ball
3-0: Base on Balls
Kevin Wilson to second
Batting: RHB Juan Vélez 0-0: Fly out, F8 (Flyball, 8RM)
Top of the 6th over - 3 runs, 3 hits, 0 errors, 2 left on base; Chula Vista 4 - Colorado 10
BOTTOM OF THE 6TH
Colorado Commanders batting - Pitching for Chula Vista Tacos : RHP Brock Corless
Pitching: LHP Craig Grant
Batting: RHB Lawrence Ware 0-0: Ball
1-0: SINGLE (Groundball, 6D)
Batting: LHB Arthur Guzmán 0-0: Ball
Lawrence Ware steals 2nd base
1-0: Foul Ball, location: 2F
1-1: Ball
2-1: Foul Ball, location: 2F
2-2: Fly out, F5 (Line Drive, 5S)
Batting: LHB Francisco Ríos 0-0: Foul Ball, location: 2F
0-1: Foul Ball, location: 2F
0-2: Ball
1-2: Ground out 6-3 (Groundball, 6M)
Lawrence Ware to third
Batting: RHB Henry Cahill 0-0: Ball
1-0: Called Strike
1-1: Ball
2-1: DOUBLE (Line Drive, 9LM)
Lawrence Ware scores
Batting: SHB Miguel Price 0-0: Called Strike
0-1: Ball
1-1: Ball
2-1: Called Strike
2-2: Strikes out looking
Bottom of the 6th over - 1 run, 2 hits, 0 errors, 1 left on base; Chula Vista 4 - Colorado 11
TOP OF THE 7TH
Chula Vista Tacos batting - Pitching for Colorado Commanders : LHP Bezzi Kisito
Batting: LHB Jean Beauchemin 0-0: Ball
1-0: Called Strike
1-1: Foul Ball, location: 2F
1-2: Ball
2-2: Fly out, F9 (Flyball, 9)
Batting: RHB Guillermo Deleón 0-0: Ball
1-0: Ball
2-0: Called Strike
2-1: Called Strike
2-2: Strikes out swinging
Batting: RHB Gonzalo García 0-0: Foul Ball, location: 2F
0-1: Swinging Strike
0-2: Strikes out swinging
Top of the 7th over - 0 runs, 0 hits, 0 errors, 0 left on base; Chula Vista 4 - Colorado 11
BOTTOM OF THE 7TH
Colorado Commanders batting - Pitching for Chula Vista Tacos : LHP Craig Grant
Batting: RHB William Dyer 0-0: Fly out, F9 (Flyball, 9S)
Batting: RHB Carlos Jiménez 0-0: Ball
1-0: Fly out, F8 (Flyball, 8RD)
Batting: RHB Alfonso Flores 0-0: Hit by Pitch
Batting: LHB Abraham Horton 0-0: Called Strike
0-1: Swinging Strike
0-2: Hit by Pitch
Alfonso Flores to second
Batting: RHB Lawrence Ware 0-0: Ball
1-0: Ball
2-0: Called Strike
2-1: Called Strike
2-2: Ball
3-2: Foul Ball, location: 2F
3-2: Strikes out looking
Bottom of the 7th over - 0 runs, 0 hits, 0 errors, 2 left on base; Chula Vista 4 - Colorado 11
TOP OF THE 8TH
Chula Vista Tacos batting - Pitching for Colorado Commanders : LHP Bezzi Kisito
Batting: RHB Germán Ontiveros 0-0: Called Strike
0-1: Called Strike
0-2: Ball
1-2: Reached on error, E1 (Groundball, P)
Batting: RHB Miguel Murillo 0-0: DOUBLE (Line Drive, 7LM)
Germán Ontiveros to third
Batting: RHB Nelson Wright 0-0: Ball
1-0: Ball
2-0: Ball
3-0: Called Strike
3-1: Foul Ball, location: 2F
3-2: Foul Ball, location: 2F
3-2: Foul Ball, location: 2F
3-2: Strikes out swinging
Batting: RHB Kevin Wilson 0-0: Ball
1-0: Foul Ball, location: 2F
1-1: Foul Ball, location: 2F
1-2: Strikes out swinging
Batting: RHB Juan García 0-0: Ball
1-0: Ball
2-0: Ball
3-0: Base on Balls
Batting: RHB Juan Vélez 0-0: Ball
1-0: Called Strike
1-1: Ball
2-1: Foul Ball, location: 2F
2-2: Ball
3-2: SINGLE (Line Drive, 56D)
Germán Ontiveros scores
Miguel Murillo to third
Juan García to second
Miguel Murillo scores
Juan García to third
Batting: LHB Jean Beauchemin 0-0: Ball
1-0: Ball
2-0: Ground out U3 (Groundball, 34)
Top of the 8th over - 2 runs, 2 hits, 1 error, 2 left on base; Chula Vista 6 - Colorado 11
BOTTOM OF THE 8TH
Colorado Commanders batting - Pitching for Chula Vista Tacos : LHP Craig Grant
Batting: LHB Arthur Guzmán 0-0: Ground out 1-3 (Groundball, 13S)
Batting: LHB Francisco Ríos 0-0: Ball
1-0: Foul Ball, location: 2F
1-1: Ball
2-1: Ground out 6-3 (Groundball, 6)
Batting: RHB Henry Cahill 0-0: Ball
1-0: Called Strike
1-1: Ball
2-1: Ground out 4-3 (Groundball, 34)
Bottom of the 8th over - 0 runs, 0 hits, 0 errors, 0 left on base; Chula Vista 6 - Colorado 11
TOP OF THE 9TH
Chula Vista Tacos batting - Pitching for Colorado Commanders : LHP Bezzi Kisito
Batting: RHB Guillermo Deleón 0-0: SINGLE (Line Drive, 34)
Batting: RHB Gonzalo García 0-0: Ball
1-0: Ball
2-0: Called Strike
2-1: Foul Ball, location: 2F
2-2: Foul Ball, location: 2F
2-2: Foul Ball, location: 2F
2-2: Strikes out looking
Batting: RHB Germán Ontiveros 0-0: Foul Ball, location: 2F
0-1: Ball
1-1: Foul Ball, location: 2F
1-2: SINGLE (Line Drive, 56)
Guillermo Deleón to second
Batting: RHB Miguel Murillo 0-0: Ball
1-0: Ball
2-0: Ball
3-0: Base on Balls
Guillermo Deleón to third
Germán Ontiveros to second
Batting: RHB Nelson Wright 0-0: Called Strike
0-1: Ball
1-1: SINGLE (Line Drive, 8LS)
Guillermo Deleón scores
Germán Ontiveros to third
Miguel Murillo to second
Pitching: RHP Jimmy MacAulay
Pinch Hitting: LHB Dale Miller 0-0: Called Strike
0-1: Called Strike
0-2: Strikes out swinging
Batting: RHB Juan García 0-0: Ball
1-0: Called Strike
1-1: Ball
2-1: Foul Ball, location: 2F
2-2: Strikes out swinging
Top of the 9th over - 1 run, 3 hits, 0 errors, 3 left on base; Chula Vista 7 - Colorado 11
Saturday, April 7th, 2018 - OOTP Baseball 18.8 Build 76